Map: Prion Terraces

Players

Alah

  • Race: Zerg Zerg
  • League: Bronze

lesha - Winner!

  • Race: Terran Terran
  • League: Silver

VOD

Have the link to the VOD?

Description

Time

  • Played on: Dec. 18, 2015, 10:06 a.m.
  • Length: 13:51
Show
View Real Time Build Order
Export as new Build Order

Alah Zerg 

Build Orders: Pool First 

Get SALT Encoding   

  12  0:04  Drone  
  13  0:08  Drone  
  14  0:20  Overlord  
  14  0:38  Spawning Pool  
  14  0:40  Drone, Extractor  
  13  0:48  Drone x2  
  15  0:56  Drone  
  16  1:02  Drone  
  17  1:25  Queen  
  19  1:26  Zergling x2  
  19  1:27  Zergling x2  
  21  1:36  Zergling x2  
  22  1:50  Metabolic Boost  
  22  1:53  Overlord  
  22  2:12  Drone x2  
  24  2:23  Hatchery  
  23  2:49  Drone  
  23  2:50  Drone x4  
  28  2:54  Roach Warren  
  27  3:20  Extractor  
  27  3:23  Lair  
  27  3:24  Evolution Chamber  
  25  3:37  Drone, Queen  
  28  3:50  Zerg Ground Armor Level 1  
  28  3:52  Roach x2  
  28  3:53  Roach  
  28  3:55  Drone  
  35  4:08  Drone  
  35  4:09  Overlord  
  36  4:27  Drone  
  36  4:28  Drone x6  
  36  4:29  Drone  
  44  4:45  Burrow  
  44  4:46  Glial Reconstitution  
  44  4:54  Spore Crawler  
  43  5:10  Drone, Extractor  
  43  5:11  Drone, Extractor  
  41  5:35  Drone  
  42  5:36  Overlord  
  42  5:37  Overlord x2  
  42  5:50  Zerg Missile Weapons Level 1  
  42  5:58  Hydralisk Den  
  41  6:07  Queen  
  43  6:13  Drone x3  
  46  6:37  Tunneling Claws  
  46  6:40  Roach x3  
  46  6:41  Roach x7  
  46  6:43  Overlord x3  
  46  6:44  Overlord  
  46  6:46  Overlord x2  
  66  6:47  Overlord x2  
  66  6:52  Muscular Augments  
  66  7:20  Drone x5  
  71  7:24  Overseer x3  
  71  7:31  Roach x4  
  79  7:53  Zerg Ground Armor Level 2  
  79  7:57  Hydralisk x3  
  85  8:02  Hydralisk x3  
  65  8:53  Roach x5  
  67  8:58  Hydralisk x7  
  77  9:20  Roach x2  
  81  9:50  Roach x3  
  87  10:03  Hydralisk x4  
  87  10:04  Hydralisk  
  97  10:09  Zerg Missile Weapons Level 2  
  97  10:30  Roach x3  
  97  10:31  Roach x3  
  97  10:34  Hatchery, Hydralisk  
  97  10:35  Hydralisk x5  
  120  10:43  Hydralisk x3  
  120  10:46  Infestation Pit  
  120  10:48  Roach x3  
  55  11:14  Roach x3  
  55  11:17  Roach x2  
  55  11:18  Roach x3  
  21  11:48  Roach  
  21  11:49  Roach x5  
  33  12:02  Roach  
  33  12:07  Roach x4  
  35  12:14  Roach x2  
  35  12:18  Roach x2  
  29  12:23  Queen  
  29  12:29  Roach x2  
  17  12:31  Queen  
  9  12:40  Roach x2  
  7  12:44  Queen  
  7  12:45  Drone  
  7  12:46  Drone x2  
  7  12:48  Roach x2  
  10  13:26  Drone x3  
  13  13:37  Drone  
Show
View Real Time Build Order
Export as new Build Order

lesha Terran - Winner!

Build Orders: Reaper Expand, MMM Bio 

Get SALT Encoding   

  12  0:02  SCV  
  13  0:14  SCV  
  14  0:19  Supply Depot  
  14  0:26  SCV  
  15  0:41  SCV  
  16  0:43  Barracks  
  16  0:53  SCV  
  16  0:54  Refinery  
  17  1:05  SCV  
  18  1:17  SCV  
  19  1:32  Command Center  
  19  1:37  Reaper  
  20  1:43  Orbital Command  
  20  1:54  Supply Depot  
  20  2:03  Refinery  
  20  2:09  SCV  
  20  2:15  Marine  
  21  2:21  SCV  
  23  2:42  SCV  
  23  2:43  SCV  
  25  2:50  Marine  
  26  3:08  Marine  
  27  3:15  SCV  
  28  3:27  SCV  
  28  3:28  Factory  
  29  3:39  SCV  
  30  3:44  Marine  
  31  3:52  SCV  
  32  4:00  Supply Depot, Barracks  
  32  4:01  Barracks  
  32  4:02  Supply Depot x2, Barracks  
  32  4:07  Orbital Command  
  32  4:10  SCV  
  32  4:12  Marine  
  34  4:22  SCV  
  35  4:24  Supply Depot, Starport  
  35  4:29  Marine  
  36  4:42  Bunker  
  36  4:43  SCV  
  36  4:45  Bunker  
  37  4:47  Marine  
  37  4:48  Factory Tech Lab  
  37  4:50  Barracks Reactor x2  
  37  4:51  Barracks Tech Lab  
  38  4:55  SCV  
  39  5:05  Marine  
  40  5:09  Engineering Bay  
  40  5:11  Siege Tank  
  43  5:15  Engineering Bay  
  43  5:16  SCV x2  
  43  5:17  Refinery x2  
  44  5:28  SCV x2  
  44  5:30  Marine  
  44  5:31  Marine x2  
  50  5:41  Marine, Marauder  
  52  5:43  Siege Tank  
  52  5:44  Barracks Reactor  
  52  5:48  Marine  
  56  5:54  SCV  
  56  5:55  SCV  
  58  6:01  Starport Reactor  
  58  6:03  Stimpack  
  58  6:06  SCV  
  58  6:07  SCV  
  58  6:08  Marine x3  
  58  6:09  Marine  
  58  6:10  Marauder  
  66  6:15  Siege Tank  
  69  6:20  SCV x2  
  71  6:25  Marine  
  71  6:26  Marine  
  71  6:30  Terran Infantry Weapons Level 1  
  71  6:31  Marauder  
  71  6:32  SCV x2  
  77  6:39  Armory  
  77  6:40  Supply Depot  
  77  6:41  Supply Depot x2  
  77  6:43  Supply Depot  
  77  6:53  SCV  
  78  7:01  SCV  
  78  7:05  SCV  
  80  7:10  Marine x5  
  80  7:11  Command Center, Marine  
  80  7:13  SCV  
  80  7:14  Marauder  
  89  7:16  Medivac  
  89  7:17  SCV  
  89  7:19  Medivac  
  94  7:25  SCV  
  94  7:27  Terran Infantry Armor Level 1  
  95  7:31  Marine x5  
  95  7:32  Marine  
  95  7:35  Marine  
  102  7:48  Marine x2  
  102  7:49  Marine x3  
  107  7:53  Marauder  
  107  7:54  Marine  
  110  8:04  Combat Shields  
  110  8:08  Supply Depot  
  110  8:09  Supply Depot  
  110  8:11  Supply Depot  
  110  8:22  Medivac, Marine x6  
  110  8:23  Marauder  
  116  8:40  Marine x2  
  114  8:44  Marauder  
  100  8:52  SCV  
  100  8:53  SCV  
  100  8:55  Marine x4  
  95  8:57  Medivac x2  
  95  8:58  Marine x2  
  93  9:05  SCV x2  
  93  9:06  Marauder  
  97  9:12  Marine  
  97  9:13  Marine x3  
  97  9:16  Marine x2  
  103  9:23  Concussive Shells  
  103  9:27  Medivac, Marauder  
  103  9:30  Marine  
  103  9:31  Marine x3  
  110  9:33  Marine  
  112  9:52  Command Center  
  112  9:56  Orbital Command  
  112  9:59  Marine x5  
  117  10:00  Marauder  
  119  10:11  Barracks  
  119  10:13  Terran Infantry Weapons Level 2, Terran Infantry Armor Level 2  
  119  10:14  Barracks  
  119  10:15  Barracks x2  
  119  10:16  Marine  
  119  10:17  Marine x3  
  119  10:18  Barracks, Medivac x2  
  127  10:22  Marauder  
  127  10:27  SCV x3  
  132  10:32  Marine x2  
  132  10:33  Marine  
  135  10:41  Marine x3  
  138  10:43  Marauder  
  140  10:50  Marine x2  
  140  10:52  Supply Depot x2  
  140  10:53  Supply Depot x2  
  121  11:15  Supply Depot  
  114  11:44  Marine x5  
  114  11:45  Marine x2  
  119  11:47  Medivac x2  
  123  11:55  Barracks Reactor  
  123  11:56  Barracks Reactor x4  
  123  12:02  Marine x4  
  123  12:03  Marauder  
  129  12:17  Medivac x2  
  131  12:25  Marauder  
  130  12:46  Marauder  
Tags
 
Add a new tag
Caveats
  • Supply blocks, unpowered buildings, or Contaminate may cause inaccurate times.
  • Supply counts are checked every 10 seconds.